 Dungeon Crawl Stone Soup version 0.18-a0-1685-g4482fe3 (webtiles) character file.

280 Oddball22 the Skirmisher (level 6, -1/51 HPs)
             Began as a Demonspawn Fighter on Apr 4, 2016.
             Slain by a scorpion (3 damage)
             ... on level 4 of the Dungeon.
             The game lasted 00:08:52 (2873 turns).

Oddball22 the Skirmisher (Demonspawn Fighter)       Turns: 2873, Time: 00:08:53

Health: -1/51      AC:  6    Str: 18    XL:     6   Next: 5%
Magic:  6/6        EV:  7    Int:  9    God:
Gold:   66         SH:  9    Dex: 13    Spells: 0 memorised, 5 levels left

rFire  . . .     SeeInvis .     a - +0 long sword
rCold  . . .     Gourm    .     b - +0 scale mail
rNeg   . . .     Faith    .     c - +0 shield
rPois  +         Spirit   .     (no helmet)
rElec  .         Dismiss  .     (no cloak)
rCorr  .         Reflect  .     (no gloves)
SustAt .         Harm     .     (no boots)
MR     .....                    (no amulet)
Stlth  ..........               (no ring)
                                p - ring of poison resistance

@: lethally poisoned (-1 -> -3), not resistant to hostile enchantments,
extremely unstealthy
A: claws 1, powered by death 1
a: no special abilities


You were on level 4 of the Dungeon.
You were very hungry.

You visited 1 branch of the dungeon, and saw 4 of its levels.

You collected 66 gold pieces.

Inventory:

Hand Weapons
 a - a +0 long sword (weapon)
Armour
 b - a +0 scale mail (worn)
 c - a +0 shield (worn)
Jewellery
 p - a ring of poison resistance (left claw)
Scrolls
 e - 2 scrolls of teleportation
 j - a scroll of immolation {unknown}
 o - a scroll of recharging {unknown}
 q - a scroll of noise {unknown}
 r - a scroll of enchant weapon {unknown}
 t - 2 scrolls of fog {unknown}
 v - 2 scrolls of remove curse {unknown}
Potions
 d - 3 potions of might
 i - 2 potions of lignification {unknown}
 m - a potion of cancellation {unknown}
 n - a potion of agility {unknown}
 s - a potion of resistance {unknown}
 u - a potion of berserk rage
 w - a potion of cure mutation
Comestibles
 f - 3 bread rations
 g - a meat ration
 l - 3 fruits


   Skills:
 - Level 5.1 Fighting
 * Level 2.8 Long Blades
 + Level 3.5 Armour
 + Level 3.6 Shields


You had 5 spell levels left.
You didn't know any spells.

Dungeon Overview and Level Annotations

Branches:
Dungeon (4/15)
 Temple: D:4-7

Altars:
Gozag
Pakellas


Innate Abilities, Weirdness & Mutations

You have sharp fingernails.
You regenerate a little health from kills.


Message History

You hit the scorpion but do no damage.
The scorpion is severely wounded.
You feel sick.
The scorpion stings you but does no damage.
You hit the scorpion.
The scorpion is almost dead.
You feel sick. You block the scorpion's attack.
The scorpion stings you but does no damage.
Your shield prevents you from hitting the scorpion.
The scorpion is almost dead.
You feel sick. You block the scorpion's attack.
You barely miss the scorpion.
The scorpion is almost dead.
The scorpion stings you.
* * * LOW HITPOINT WARNING * * *
You closely miss the scorpion.
The scorpion is almost dead.
* * * LOW HITPOINT WARNING * * *
You feel sick. You block the scorpion's attack. The scorpion stings you.
You die...

.?. ### ... ..
.... #. .....
.####.#######.....
.................#
.................
#.....@.#
#..<###s# #...# .#
#.#.# .# #.... .#
# #.. ## #... ##.#
.#


You could see a scorpion.

Vanquished Creatures
  2 orc priests (D:3)
  2 orc wizards (D:3)
  5 adders
  2 oozes (D:3)
  4 worms
  4 dart slugs
  4 giant geckos
  6 orcs (D:3)
  A ball python (D:3)
  5 bats
  5 giant cockroaches
  9 goblins
  10 hobgoblins
  4 jackals
  5 giant newts
  5 kobolds
  8 rats
81 creatures vanquished.

Notes
Turn   | Place    | Note
--------------------------------------------------------------
     0 | D:1      | Oddball22 the Demonspawn Fighter began the quest for the Orb.
     0 | D:1      | Reached XP level 1. HP: 18/18 MP: 1/1
   243 | D:1      | Gained mutation: You regenerate a little health from kills. [demonic ancestry]
   243 | D:1      | Reached XP level 2. HP: 17/24 MP: 2/2
   829 | D:1      | Reached XP level 3. HP: 29/29 MP: 3/3
  1248 | D:2      | Gained mutation: You have sharp fingernails. [demonic ancestry]
  1248 | D:2      | Reached XP level 4. HP: 32/37 MP: 4/4
  1315 | D:2      | Found an oddly glowing altar of Pakellas.
  1315 | D:2      | Found an opulent altar of Gozag.
  1428 | D:2      | Reached skill level 4 in Fighting
  1699 | D:3      | Reached XP level 5. HP: 4/43 MP: 5/5
  1700 | D:3      | HP: 3/64 [orc (4)]
  2174 | D:3      | Reached skill level 5 in Fighting
  2584 | D:3      | Reached XP level 6. HP: 11/51 MP: 6/6
  2864 | D:4      | HP: 1/51 [scorpion (5)]
  2873 | D:4      | HP: 2/51 [poisoned by a scorpion]
  2873 | D:4      | Slain by a scorpion

Vault maps used:
D:1:      dpeg_arrival_tiny_c
D:2:      gammafunk_temple_overflow_statue
D:3:      minmay_splitting_lines, st_stairs_7, minmay_misc_feat_roman
D:4:      minmay_temple_entry_poolview, first_bread, uniq_natasha,
          uniq_menkaure, uniq_pikel

Skill      XL: |  1  2  3  4  5 |
---------------+----------------+-----
Long Blades    | 2 |  2.8
Shields        | 3 |  3.6
Armour         | 3 |  3.5
Fighting       | 4 5 |  5.1

Action                   |  1- 3 |  4- 6 || total
-------------------------+-------+-------++-------
Melee: Long sword        |   129 |   195 ||   324
  Use: Potion            |       |     3 ||     3
       Scroll            |       |     3 ||     3
  Eat: Chunk             |     1 |     6 ||     7
